 Dungeon Crawl Stone Soup version 0.27.1-3-gb3d3a73c9e (webtiles) character file.

Game seed: 1691576854760973411

45 CuBeRJAN3 the Sneak (level 3, -6/31 HPs)
             Began as a Deep Dwarf Air Elementalist on Oct 27, 2021.
             Mangled by a hobgoblin (8 damage)
             ... on level 1 of the Dungeon.
             The game lasted 00:08:29 (1921 turns).

CuBeRJAN3 the Sneak (Deep Dwarf Air Elementalist)   Turns: 1921, Time: 00:08:30

Health: -6/31      AC:  2    Str: 11    XL:     3   Next: 42%
Magic:  1/6        EV: 12    Int: 16    God:
Gold:   45         SH:  0    Dex: 13    Spells: 0/6 levels left

rFire    . . .     SeeInvis .   b - +0 dagger
rCold    . . .     Faith    .   (no shield)
rNeg     . . .     Spirit   .   a - +0 robe
rPois    .         Reflect  .   (no helmet)
rElec    .         Harm     .   (no cloak)
rCorr    .         Rampage  .   (no gloves)
Will     .....                  (no boots)
Stlth    ++........             (no amulet)
HPRegen  0.00/turn              g - ring of flight
MPRegen  0.10/turn              (no ring)

@: lethally poisoned (-6 -> -6), flying
A: damage resistance, heal wounds, sense surroundings 1, no regeneration
a: Heal Wounds


You were on level 1 of the Dungeon.
You visited 1 branch of the dungeon, and saw 2 of its levels.

You collected 45 gold pieces.

Inventory:

Hand Weapons
 b - a +0 dagger (weapon)
Missiles
 f - 4 silver boomerangs
Armour
 a - a +0 robe (worn)
Jewellery
 g - a ring of flight (left hand)
Scrolls
 c - a scroll of magic mapping {unknown}
 e - a scroll of teleportation {unknown}
Potions
 d - a potion of curing {unknown}


   Skills:
 * Level 1.0 Fighting
 + Level 0.6 Short Blades
 + Level 2.4 Dodging
 + Level 2.8 Stealth
 * Level 2.1 Spellcasting
 + Level 1.2 Conjurations
 + Level 2.3 Air Magic
 + Level 0.8 Invocations


You couldn't memorise any spells.
You knew the following spells:

 Your Spells              Type           Power      Damage    Failure   Level
a - Shock                 Conj/Air       28%        1d4       10%         1
b - Static Discharge      Conj/Air       7%         N/A       14%         2
c - Swiftness             Air            9%         N/A       24%         3

Your spell library contained the following spells:

 Spells                   Type           Power      Damage    Failure   Level
 Airstrike                Air            4%         N/A       61%         4


Dungeon Overview and Level Annotations

Branches:
Dungeon (2/15)

Altars:

Shops:
D:1 *


Innate Abilities, Weirdness & Mutations

You are resistant to damage.
You can heal yourself by infusing magical energy.
You passively map a small area around you.
You do not regenerate.


Message History

You hit the adder but do no damage.
The adder is heavily wounded.
The adder bites you but does no damage. The hobgoblin barely misses you.
Your magical contamination has completely faded away.
You hit the adder.
The adder is heavily wounded.
The adder bites you.
You are poisoned.
The adder poisons you!
The hobgoblin hits you from afar with a +0 trident.
The adder completely misses you.
You hit the adder.
The adder is severely wounded.
The adder bites you. The hobgoblin completely misses you.
You miss the adder.
The adder is severely wounded.
The adder bites you.
* * * LOW HITPOINT WARNING * * *
You are more poisoned.
The adder poisons you! The hobgoblin closely misses you.
You closely miss the adder.
The adder is severely wounded.
The adder closely misses you. The hobgoblin completely misses you.
The adder bites you.
* * * LOW HITPOINT WARNING * * *
You are more poisoned.
The adder poisons you!
You hit the adder.
The adder is almost dead.
The adder bites you.
* * * LOW HITPOINT WARNING * * *
You are more poisoned.
The adder poisons you!
The hobgoblin hits you from afar with a +0 trident.
* * * LOW HITPOINT WARNING * * *
You miss the adder.
The adder is almost dead.
The adder barely misses you.
The hobgoblin hits you from afar with a +0 trident!
You die...

##### #...# #...# .#..###
############# .#....##
#...........#
.#.....###....g.@....#######
..#...........>S...........#
..#............###.........#
..#......####(.............#
###.......###..............#
#.#........................#
#...........##.............#
#...........##.###.........#
###.........##.##..........#


You could see an adder and a hobgoblin.

Vanquished Creatures
  2 adders (D:2)
  A dart slug (D:2)
  3 bats
  6 endoplasms
  2 giant cockroaches (D:1)
  2 quokkas
  A frilled lizard (D:2)
  4 goblins
  2 rats
23 creatures vanquished.

Notes
Turn   | Place    | Note
-------+----------+-------------------------------------------
     0 | D:1      | CuBeRJAN3 the Deep Dwarf Air Elementalist began the quest
                  | for the Orb.
     0 | D:1      | Reached XP level 1. HP: 15/15 MP: 3/3
   140 | D:1      | Found Uklukk's General Store.
   223 | D:1      | Reached skill level 1 in Conjurations
   386 | D:1      | Found a faded altar of an unknown god.
   541 | D:1      | Reached XP level 2. HP: 24/24 MP: 1/4
   576 | D:1      | Learned a level 2 spell: Static Discharge
  1295 | D:2      | Reached XP level 3. HP: 23/30 MP: 4/6
  1318 | D:2      | Learned a level 3 spell: Swiftness
  1491 | D:2      | Reached skill level 1 in Fighting
  1921 | D:1      | Mangled by a hobgoblin

Illustrated notes

Levels and vault maps discovered:
D:1:      lemuel_arrival_river_bridge, layout_basic, serial_shops,
          nicolae_shop_trees, shapermc_ecumenical_altar_mp_vishouse
D:2:      layout_loops_cross

Skill      XL: |  1  2  3 |
---------------+----------+-----
Conjurations   | 1 |  1.2
Spellcasting   | 2 |  2.1
Fighting       | 1 |  1.0
Short Blades   | |  0.6
Dodging        | |  2.4
Stealth        | |  2.8
Air Magic      | |  2.3
Invocations    | |  0.8

Action                   || total
-------------------------++-------
Melee: Dagger            ||    30
 Cast: Shock             ||    62
       Static Discharge  ||     7
 Abil: Heal Wounds       ||     1
Armor: Robe              ||    14
Dodge: Dodged            ||    55
